 Dungeon Sprint DCSS version 0.30-a0-368-g86fb4627a9 (webtiles) character file.

Game seed: 4932245430635045075

2394 mhtbhm the Protected (level 9, 0/86 HPs)
             Began as an Armataur Fighter on Nov 19, 2022.
             Was an Initiate of Gozag.
             Slain by an ice devil (15 damage)
             ... in the Dungeon (Sprint VII: "The Pits").
             The game lasted 00:02:37 (1621 turns).

mhtbhm the Protected (Armataur Fighter)             Turns: 1621, Time: 00:02:38

Health: 0/86       AC: 18    Str: 25    XL:     9   Next: 22%
Magic:  9/9        EV: 10    Int:  9    God:    Gozag
Gold:   2016       SH:  6    Dex: 10    Spells: 8/8 levels left

rFire   . . .      SeeInvis .    a - +2 war axe (vorpal)
rCold   . . .      Faith    .    c - +0 buckler
rNeg    . . .      Spirit   .    b - +4 chain mail
rPois   .          Reflect  .    (no helmet)
rElec   .          Harm     .    (no cloak)
rCorr   .          Roll     +    (no gloves)
Will    .....      NoTele   +    (no barding)
Stlth   ..........               (no amulet)
HPRegen 0.34/turn                n - +3 ring of evasion
MPRegen 0.11/turn                o - +3 ring of protection

@: lethally poisoned (0 -> -83)
A: large, rugged brown scales 3, deformed body, armoured tail, roll, long
tongue, awkward tongue
a: Renounce Religion, Potion Petition, Call Merchant, Bribe Branch


You were in the Dungeon.
You worshipped Gozag.
Gozag was most pleased with you.
You visited 1 branch You collected 2016 gold pieces.

Inventory:

Hand Weapons
 a - a +2 vorpal war axe (weapon)
Armour
 b - a +4 chain mail (worn)
 c - a +0 buckler (worn)
Jewellery
 n - a +3 ring of evasion (left hand)
 o - a +3 ring of protection (right hand)
Scrolls
 j - a scroll of blinking
 l - 5 scrolls of amnesia
 m - a scroll of summoning
Potions
 d - a potion of might
 e - 7 potions of curing
 f - 9 potions of heal wounds
 g - 2 potions of haste
 h - 4 potions of magic
 i - 2 potions of berserk rage
 k - 2 potions of invisibility
 p - a potion of resistance
 q - a potion of mutation


   Skills:
 + Level 8.3 Fighting
 + Level 11.0 Axes
 + Level 13.5 Armour
 + Level 3.4 Dodging
 + Level 4.2 Stealth
 + Level 9.0 Shields


You had 8 spell levels left.
You didn't know any spells.
Your spell library was empty.

Dungeon Overview and Level Annotations

Branches:
Dungeon (1/1)

Altars:
Ashenzari
Cheibriados
Dithmenos
Elyvilon
Fedhas
Gozag
Hepliaklqana
Kikubaaqudgha
Makhleb
Nemelex Xobeh
Okawaru
Qazlal
Ru
Sif Muna
Trog
Uskayaw
Vehumet
Wu Jian
Xom
Yredelemnul
Zin
The Shining One
Jiyva
Lugonu


Innate Abilities, Weirdness & Mutations

You are completely covered in rugged brown scales. (AC +3, +7% HP)
Armour fits poorly on your strangely shaped body.
You have a long armoured tail.
You roll when moving toward enemies. (Rampage)
Your long tongue fully drains potion bottles. (2x potion effects)
Your tongue gives you trouble enunciating. (1.5x scroll delay)


Message History

The hellwing is heavily wounded.
You block the hellwing's attack. The hellwing completely misses you.
You slash the hellwing!
You kill the hellwing!
Your Axes skill increases to level 11!
Your Shields skill increases to level 9!
You now have 1710 gold pieces (gained 108).
You now have 1881 gold pieces (gained 171).
You now have 2016 gold pieces (gained 135).
There is a large open door here.
You start resting.
You start resting.
HP restored.
You open the door.
A molten gargoyle, an ice devil and a sea snake come into view.
You roll towards the ice devil!
You slash the sea snake!
Your tail-slap misses the sea snake.
The sea snake is lightly wounded.
You slash the ice devil! The sea snake bites you.
You are poisoned.
The sea snake poisons you! The ice devil hits you! The ice devil freezes you!
You slice the sea snake!! You tail-slap the sea snake.
The sea snake is heavily wounded.
You closely miss the ice devil.
You feel extremely sick. The sea snake bites you!
You block the ice devil's attack.
Unknown command.
You barely miss the sea snake.
The sea snake is heavily wounded.
You slash the ice devil! You slash the molten gargoyle!
You feel extremely sick. The sea snake bites you.
* * * LOW HITPOINT WARNING * * *
You are more poisoned.
The sea snake poisons you! You block the molten gargoyle's attack.
The ice devil hits you!
* * * LOW HITPOINT WARNING * * *
The ice devil freezes you!
You die...
Your body crumbles into a pile of gold.

###'#####''######
.......##''#####
.......##......# $
.......##......#
...<...###....## ###
.......# ##''## ##..+
.......###....###....#
.......##......#.4..#
#########......'@S..+
#########......#.9..#
..#..[[###....###....#
..#..[.# ##''## ##..+
..'..))###....## ###
..#..))##......#
..#..))##......#
################


You could see a sea snake, an ice devil and a molten gargoyle.

Vanquished Creatures
  A phantasmal warrior (D)
  A gargoyle (D)
  A hellwing (D)
  4 blink frogs (D)
  A fire bat (D)
  2 redbacks (D)
  A small abomination (D)
  A swamp drake (D)
  Terence (D)
  A mummy (D)
  2 adders (D)
  2 river rats (D)
  An ufetubus (D)
  A worm (D)
  An endoplasm (D)
  A giant cockroach (D)
  A goblin (D)
  A hobgoblin (D)
  2 jackals (D)
  2 kobolds (D)
  2 quokkas (D)
  A ball python skeleton (D)
  2 bats (D)
  A frilled lizard (D)
34 creatures vanquished.

Notes
Turn   | Place    | Note
-------+----------+-------------------------------------------
     0 | D        | mhtbhm the Armataur Fighter began the quest for the Orb.
     0 | D        | Reached XP level 1. HP: 19/19 MP: 1/1
    27 | D        | Found a bloodstained altar of Trog.
    27 | D        | Found a shimmering blue altar of Sif Muna.
    27 | D        | Found a viscous altar of Jiyva.
    27 | D        | Found a hazy altar of Hepliaklqana.
    27 | D        | Found an opulent altar of Gozag.
    28 | D        | Found a glowing golden altar of the Shining One.
    28 | D        | Found a glowing silver altar of Zin.
    28 | D        | Found a basalt altar of Yredelemnul.
    28 | D        | Found a shimmering altar of Xom.
    28 | D        | Found an ornate altar of the Wu Jian Council.
    28 | D        | Found a sacrificial altar of Ru.
    28 | D        | Found a stormy altar of Qazlal.
    28 | D        | Found an iron altar of Okawaru.
    28 | D        | Found a sparkling altar of Nemelex Xobeh.
    28 | D        | Found a burning altar of Makhleb.
    28 | D        | Found a blossoming altar of Fedhas.
    28 | D        | Found a white marble altar of Elyvilon.
    28 | D        | Found a shadowy altar of Dithmenos.
    28 | D        | Found a snail-covered altar of Cheibriados.
    30 | D        | Found a radiant altar of Vehumet.
    30 | D        | Found a corrupted altar of Lugonu.
    31 | D        | Found a hide-covered altar of Uskayaw.
    31 | D        | Found an ancient bone altar of Kikubaaqudgha.
    31 | D        | Found a broken altar of Ashenzari.
    37 | D        | Became a worshipper of Gozag Ym Sagoz the Greedy
    85 | D        | Reached skill level 4 in Armour
   171 | D        | Reached XP level 2. HP: 12/27 MP: 2/2
   248 | D        | Reached skill level 5 in Armour
   250 | D        | Reached XP level 3. HP: 15/35 MP: 3/3
   298 | D        | Reached skill level 6 in Armour
   298 | D        | Reached skill level 5 in Shields
   722 | D        | Reached XP level 4. HP: 43/43 MP: 4/4
   725 | D        | Noticed a redback
   731 | D        | Killed a redback
   732 | D        | Reached skill level 5 in Fighting
   732 | D        | Reached skill level 5 in Axes
   732 | D        | Reached skill level 8 in Armour
   732 | D        | Reached skill level 1 in Dodging
   732 | D        | Reached skill level 1 in Stealth
   732 | D        | Reached XP level 5. HP: 51/51 MP: 5/5
   958 | D        | Noticed a fire bat
   964 | D        | Killed a fire bat
   965 | D        | Reached skill level 9 in Armour
   965 | D        | Reached XP level 6. HP: 60/60 MP: 6/6
   975 | D        | Noticed Terence
   975 | D        | Noticed a gargoyle
   975 | D        | Noticed a phantasmal warrior
   988 | D        | Killed a gargoyle
   989 | D        | Reached skill level 10 in Armour
   989 | D        | Reached XP level 7. HP: 68/68 MP: 7/7
   998 | D        | Killed a phantasmal warrior
   999 | D        | Reached skill level 11 in Armour
   999 | D        | Reached XP level 8. HP: 16/78 MP: 8/8
  1001 | D        | Killed Terence
  1267 | D        | Noticed a blink frog
  1267 | D        | Noticed a blink frog
  1267 | D        | Noticed a blink frog
  1267 | D        | Noticed a blink frog
  1276 | D        | Reached skill level 12 in Armour
  1277 | D        | Killed a blink frog
  1281 | D        | Killed a blink frog
  1282 | D        | Reached skill level 10 in Axes
  1283 | D        | Killed a blink frog
  1457 | D        | Killed a blink frog
  1458 | D        | Reached skill level 13 in Armour
  1458 | D        | Reached XP level 9. HP: 82/86 MP: 9/9
  1477 | D        | Noticed a hellwing
  1490 | D        | Killed a hellwing
  1617 | D        | Noticed a molten gargoyle
  1617 | D        | Noticed an ice devil
  1617 | D        | Noticed a sea snake
  1621 | D        | Slain by an ice devil

Illustrated notes

Levels and vault maps discovered:
D:        pitsprint [storerooms_1, entrance_room_1, metal_vault_2, armoury_3,
          mini_pit_1, grid_room_1, main_hall_1, silver_pit, the_coven_3,
          the_vestibule_1, steel_vault_4, golden_pit, hallway_of_sentries,
          crystal_vault_3, iron_vault_2, final_vault]

Skill      XL: |  1  2  3  4  5  6  7  8  9 |
---------------+----------------------------+-----
Fighting       | 3 4 5 6 7 8 |  8.3
Armour         | 4 5 6 8 9 10 11 13 | 13.5
Axes           | 2 3 5 6 8 9 10 11 | 11.0
Shields        | 4 5 6 7 8 9 |  9.0
Dodging        | 1 2 3 |  3.4
Stealth        | 1 2 3 4 |  4.2

Action                   |  1- 3 |  4- 6 |  7- 9 || total
-------------------------+-------+-------+-------++-------
Melee: Hand axe          |    49 |    22 |    11 ||    82
       Tailslap          |     9 |     4 |     5 ||    18
       War axe           |     5 |       |    33 ||    38
  Use: Potion            |       |     3 |     1 ||     4
 Stab: Distracted        |       |       |     2 ||     2
Armor: Scale mail        |    15 |       |       ||    15
       Chain mail        |     7 |     7 |    24 ||    38
Dodge: Dodged            |    19 |    11 |    27 ||    57
Block: Buckler           |    11 |     4 |    15 ||    30

Table legend: (Time is in decaauts)
 A = Elapsed time spent in this place.
 B = Non-inter-level travel time spent in this place.
 C = Inter-level travel time spent in this place.
 D = Time resting spent in this place.
 E = Time spent auto-exploring this place.
 F = Levels seen in this place.
 G = Mean time per level.
                   A        B        C        D        E       F      G
               +--------+--------+--------+--------+--------+-----+--------+
         Total |   1647 |   1647 |      0 |    973 |    121 |   1 | 1647.0 |
       Dungeon |   1647 |   1647 |      0 |    973 |    121 |   1 | 1647.0 |
               +--------+--------+--------+--------+--------+-----+--------+

Top non-repeatable levels by time:
       D: 1647 daAuts
